Map: Cosmic Sapphire

Players

MCanning

  • Race: Protoss Protoss
  • Spawn Location: 5:00

Vindicta - Winner!

  • Race: Terran Terran
  • Spawn Location: 11:00

Event: DreamHack SC2 Masters 2022 Atlanta (Offline)

VOD

Have the link to the VOD?

Description

Time

  • Played on: Nov. 18, 2022, 11:54 a.m.
  • Length: 23:28

All games in this series

Show
View Real Time Build Order
Export as new Build Order

MCanning Protoss 

Build Orders: 1 Gate Expand, Colossus Rush 

Get SALT Encoding   

  12  0:00  Probe  
  13  0:12  Probe  
  14  0:17  Pylon  
  14  0:24  Probe  
  15  0:36  Gateway, Probe (Chrono Boost)  
  16  0:47  Probe (Chrono Boost), Assimilator  
  17  0:52  Probe (Chrono Boost)  
  18  1:03  Probe  
  19  1:15  Probe  
  20  1:23  Nexus  
  20  1:32  Cybernetics Core  
  20  1:36  Probe  
  21  1:41  Assimilator  
  21  1:49  Pylon  
  21  1:54  Probe  
  22  2:06  Adept (Chrono Boost), Probe (Chrono Boost)  
  23  2:14  Warp Gate  
  24  2:18  Probe (Chrono Boost)  
  25  2:27  Probe (Chrono Boost)  
  25  2:29  Stalker  
  28  2:37  Probe  
  28  2:43  Robotics Facility  
  30  2:46  Probe (Chrono Boost)  
  30  2:49  Probe (Chrono Boost)  
  33  2:59  Sentry, Probe (Chrono Boost)  
  33  3:00  Probe (Chrono Boost)  
  33  3:04  Probe (Chrono Boost)  
  35  3:07  Probe  
  37  3:15  Probe (Chrono Boost)  
  39  3:20  Probe (Chrono Boost)  
  39  3:25  Gateway x2  
  39  3:32  Probe (Chrono Boost), Pylon  
  39  3:33  Probe (Chrono Boost)  
  41  3:36  Observer  
  41  3:38  Probe (Chrono Boost)  
  41  3:40  Probe (Chrono Boost), Pylon  
  44  3:46  Probe (Chrono Boost)  
  45  3:52  Pylon  
  46  3:56  Probe (Chrono Boost)  
  46  3:57  Robotics Bay  
  46  3:58  Probe (Chrono Boost)  
  46  4:00  Observer  
  48  4:03  Assimilator  
  48  4:06  Probe (Chrono Boost)  
  48  4:07  Assimilator  
  48  4:09  Probe  
  49  4:11  Shield Battery  
  49  4:12  Sentry  
  49  4:16  Probe  
  53  4:21  Probe  
  53  4:22  Pylon  
  54  4:26  Stalker x2  
  59  4:33  Immortal (Chrono Boost)  
  59  4:36  Observer  
  62  4:39  Probe  
  62  4:43  Probe  
  64  4:46  Forge  
  64  4:51  Probe, Stalker  
  67  4:55  Probe  
  68  5:05  Nexus  
  68  5:07  Pylon  
  68  5:13  Probe  
  69  5:14  Stalker  
  69  5:19  Colossus (Chrono Boost)  
  71  5:22  Observer  
  71  5:24  Protoss Ground Weapons Level 1  
  77  5:30  Extended Thermal Lance  
  77  5:33  Probe  
  78  5:42  Probe  
  79  5:43  Gateway x2  
  79  5:52  Twilight Council  
  79  5:53  Zealot, Probe  
  79  5:56  Stalker  
  84  6:15  Pylon  
  84  6:16  Colossus (Chrono Boost), Probe (Chrono Boost)  
  84  6:17  Pylon  
  91  6:19  Probe (Chrono Boost)  
  91  6:22  Probe (Chrono Boost)  
  94  6:26  Shield Battery  
  94  6:27  Observer, Probe (Chrono Boost)  
  94  6:31  Probe (Chrono Boost)  
  94  6:32  Charge (Chrono Boost)  
  94  6:39  Dark Shrine  
  93  6:46  Pylon  
  93  6:47  Probe  
  93  6:54  Shield Battery  
  94  6:56  Photon Cannon  
  94  6:58  Gateway, Probe  
  94  7:00  Sentry  
  97  7:03  Disruptor (Chrono Boost)  
  97  7:04  Photon Cannon  
  97  7:05  Stalker  
  102  7:12  Zealot x3  
  106  7:16  Pylon  
  106  7:26  Probe  
  106  7:29  Probe (Chrono Boost)  
  104  7:34  Probe (Chrono Boost), Protoss Ground Armor Level 1  
  104  7:36  Zealot x3  
  102  7:41  Probe (Chrono Boost)  
  104  7:45  Probe (Chrono Boost)  
  104  7:50  Probe x2 (Chrono Boost)  
  106  7:52  Forge  
  106  7:53  Probe (Chrono Boost)  
  106  7:57  Probe  
  106  7:58  Probe  
  108  7:59  Photon Cannon  
  108  8:00  Blink (Chrono Boost)  
  108  8:02  Dark Templar  
  111  8:08  Dark Templar  
  111  8:10  Dark Templar  
  115  8:13  Probe  
  115  8:15  Probe  
  115  8:17  Probe  
  115  8:18  Disruptor  
  115  8:32  Probe (Chrono Boost)  
  115  8:33  Robotics Facility, Pylon  
  117  8:39  Probe (Chrono Boost)  
  117  8:41  Probe (Chrono Boost)  
  119  8:42  Probe (Chrono Boost)  
  121  8:51  Probe (Chrono Boost)  
  121  8:52  Probe (Chrono Boost)  
  121  8:53  Probe (Chrono Boost), Protoss Ground Weapons Level 2 (Chrono Boost)  
  120  8:55  Nexus  
  120  8:59  Probe (Chrono Boost), Pylon  
  121  9:03  Dark Templar x2  
  121  9:04  Observer  
  121  9:06  Probe, Pylon  
  121  9:09  Archon  
  124  9:10  Stalker  
  124  9:11  Stalker  
  128  9:18  Gateway  
  128  9:19  Gateway  
  128  9:24  Disruptor  
  128  9:28  Zealot x2  
  128  9:30  Probe  
  134  9:38  Dark Templar  
  134  9:39  Zealot x3  
  140  9:46  Disruptor (Chrono Boost)  
  125  9:56  Zealot, Probe  
  125  9:57  Zealot  
  118  10:01  Colossus (Chrono Boost)  
  118  10:03  Zealot x3  
  130  10:08  Probe  
  130  10:09  Probe  
  130  10:11  Probe  
  133  10:16  Protoss Ground Armor Level 2 (Chrono Boost)  
  133  10:24  Probe, Photon Cannon  
  133  10:26  Probe  
  133  10:27  Shield Battery  
  133  10:29  Zealot x5  
  133  10:35  Probe  
  144  10:36  Probe  
  144  10:37  Assimilator  
  144  10:40  Colossus (Chrono Boost)  
  151  10:43  Zealot, Assimilator  
  151  10:49  Stalker x2  
  142  11:02  Disruptor (Chrono Boost)  
  142  11:03  Zealot x6  
  129  11:21  Zealot x2  
  133  11:26  Disruptor (Chrono Boost)  
  133  11:32  Stalker x4  
  128  11:35  Zealot x2  
  128  11:36  Probe  
  133  11:41  Assimilator  
  133  11:46  Zealot x2  
  131  11:47  Disruptor (Chrono Boost)  
  131  11:52  Protoss Ground Weapons Level 3 (Chrono Boost)  
  126  11:56  Pylon  
  126  11:57  Pylon  
  126  12:04  Zealot x4  
  132  12:12  Nexus  
  132  12:15  Dark Templar, Pylon  
  134  12:18  Probe  
  135  12:29  Gateway  
  132  12:31  Gateway  
  132  12:33  Gateway  
  132  12:35  Templar Archives  
  132  12:36  Zealot x7  
  142  12:42  Disruptor  
  141  12:46  Colossus  
  141  12:51  Zealot  
  130  13:02  Zealot  
  130  13:03  Zealot x5  
  130  13:04  Protoss Ground Armor Level 3 (Chrono Boost)  
  140  13:11  Dark Templar  
  142  13:14  Dark Templar, Psionic Storm  
  142  13:28  Probe  
  142  13:32  Photon Cannon  
  142  13:33  Dark Templar  
  145  13:38  Zealot x4  
  153  13:44  Stalker x2  
  155  13:51  Colossus  
  159  14:01  Probe  
  159  14:02  High Templar  
  156  14:05  Photon Cannon  
  156  14:06  Probe  
  156  14:09  Photon Cannon  
  157  14:10  Shield Battery  
  157  14:13  Stalker x3  
  157  14:16  Assimilator  
  163  14:20  Assimilator  
  163  14:21  Assimilator  
  163  14:24  Assimilator  
  161  14:31  High Templar  
  161  14:32  Stalker x2  
  161  14:33  Stalker x2  
  161  14:36  Warp Prism  
  173  14:44  Disruptor  
  174  14:46  Probe  
  175  14:53  Stalker  
  175  14:54  Stalker x3  
  175  14:59  Protoss Shields Level 1  
  181  15:07  Zealot x5  
  185  15:12  Disruptor  
  185  15:13  Probe  
  195  15:15  Dark Templar  
  197  15:26  Disruptor  
  184  15:40  Zealot x7  
  175  15:52  Disruptor (Chrono Boost)  
  158  16:02  Zealot x6  
  158  16:03  Zealot x3  
  143  16:04  Colossus (Chrono Boost)  
  137  16:24  Colossus (Chrono Boost)  
  143  16:26  High Templar  
  143  16:30  Nexus  
  145  16:33  Pylon  
  145  16:34  High Templar x2  
  145  16:39  Archon  
  149  16:40  Zealot x5  
  149  16:42  Dark Templar  
  167  16:48  Colossus (Chrono Boost)  
  167  16:54  Dark Templar  
  167  16:55  Zealot  
  171  17:02  Stalker x2  
  171  17:03  Colossus (Chrono Boost)  
  171  17:06  Photon Cannon  
  180  17:09  Probe  
  180  17:12  Stalker x2  
  180  17:13  Stalker  
  181  17:25  Stargate  
  181  17:26  Stalker x2  
  181  17:28  Probe  
  186  17:30  Probe  
  186  17:32  Zealot  
  185  17:37  Zealot x2  
  185  17:38  Zealot  
  185  17:43  Probe  
  190  17:44  High Templar  
  190  17:45  Probe x2  
  192  17:52  Stalker x3  
  192  17:54  High Templar  
  192  17:57  Zealot  
  198  18:01  Stalker x2  
  200  18:19  Stalker  
  188  18:20  Stalker x6  
  200  18:35  Nexus  
  200  18:39  Photon Cannon  
  200  18:47  Cybernetics Core  
  195  19:05  Pylon  
  195  19:07  Nexus, Pylon  
  195  19:09  Pylon  
  195  19:11  Pylon  
  195  19:12  Pylon  
  195  19:13  Pylon  
  183  19:30  Dark Templar x3  
  183  19:31  Dark Templar x3  
  183  19:42  Stalker  
  183  19:43  Probe  
  177  19:57  Probe  
  170  20:12  Stalker x4  
  161  20:26  Templar Archives  
  159  20:33  Stalker x2  
  163  20:40  Stalker x3  
  153  20:53  Stalker  
  141  21:13  Zealot, Stalker x2  
  141  21:14  Stalker x2  
  147  21:22  Robotics Facility  
  147  21:24  Nexus, Robotics Facility, Pylon  
  96  21:37  Stalker x3  
  96  21:39  Zealot x2  
  103  21:56  Zealot  
  100  22:06  Zealot x5  
  95  22:10  Colossus x2 (Chrono Boost)  
  103  22:20  Zealot  
  97  22:30  Observer  
  97  22:32  Zealot x4  
  95  22:42  Stalker  
  95  22:43  Stalker  
  93  22:55  Disruptor (Chrono Boost), Stalker  
  101  23:07  Zealot x2  
  103  23:18  Zealot x3  
Show
View Real Time Build Order
Export as new Build Order

Vindicta Terran - Winner!

Build Orders: Reaper Expand 

Get SALT Encoding   

  12  0:00  SCV  
  13  0:12  SCV  
  14  0:17  Supply Depot  
  14  0:24  SCV  
  15  0:38  SCV  
  15  0:40  Barracks  
  16  0:42  Refinery  
  16  0:50  SCV  
  16  0:56  Supply Depot  
  17  1:03  SCV  
  18  1:15  SCV  
  19  1:26  Reaper  
  19  1:28  Orbital Command  
  20  1:48  Command Center  
  20  1:54  SCV  
  20  1:59  Barracks Reactor  
  21  2:06  SCV  
  21  2:08  Refinery  
  22  2:18  SCV  
  22  2:20  Factory  
  23  2:30  SCV  
  23  2:35  Marine x2  
  26  2:42  SCV  
  27  2:53  Marine x2  
  27  2:54  SCV  
  30  3:04  Widow Mine, Starport  
  32  3:07  SCV  
  32  3:10  Marine  
  32  3:11  Marine  
  35  3:19  SCV  
  35  3:21  Orbital Command  
  35  3:28  Marine  
  35  3:29  Marine  
  35  3:30  Supply Depot, Widow Mine  
  35  3:31  SCV  
  40  3:40  Medivac  
  42  3:42  Bunker  
  42  3:43  SCV  
  42  3:46  Marine  
  42  3:47  SCV, Marine  
  46  3:51  Factory Tech Lab  
  46  3:55  Supply Depot  
  46  3:56  SCV  
  46  3:59  SCV  
  48  4:08  SCV  
  49  4:11  SCV  
  49  4:16  Factory Tech Lab  
  50  4:19  Engineering Bay  
  50  4:21  SCV, Raven  
  50  4:22  Marine  
  50  4:23  SCV, Marine, Refinery  
  56  4:33  Supply Depot, SCV  
  56  4:35  SCV, Siege Tank  
  56  4:36  Barracks  
  61  4:39  Barracks  
  61  4:44  Marine  
  62  4:51  Terran Infantry Weapons Level 1  
  62  4:54  SCV x2  
  62  4:55  Supply Depot, Refinery  
  64  5:02  Marine x2  
  64  5:06  SCV x2  
  68  5:15  Starport Reactor  
  68  5:17  Supply Depot  
  68  5:18  SCV x2, Factory Reactor  
  68  5:20  Marine  
  70  5:30  SCV  
  70  5:34  Supply Depot, Stimpack  
  70  5:35  SCV, Combat Shield  
  72  5:37  Marauder x2  
  72  5:38  Marine x2  
  72  5:42  Supply Depot  
  78  5:43  SCV  
  78  5:47  SCV  
  80  5:52  Medivac  
  80  5:54  Medivac  
  80  5:56  Command Center  
  84  5:58  SCV, Marauder  
  84  6:03  Widow Mine x2  
  90  6:09  Marine  
  90  6:10  Supply Depot  
  91  6:12  Supply Depot  
  91  6:13  Marauder  
  91  6:15  Marine  
  94  6:24  SCV  
  95  6:26  Widow Mine  
  95  6:27  Marine  
  95  6:29  SCV  
  95  6:30  Barracks x2  
  99  6:35  Medivac x2, Widow Mine  
  99  6:36  SCV  
  99  6:39  Marauder  
  107  6:43  Marine  
  107  6:44  Marauder  
  110  6:47  Terran Infantry Armor Level 1  
  110  6:48  Marine  
  111  6:58  Widow Mine x2  
  111  7:00  Marauder  
  117  7:03  Supply Depot, Concussive Shells, Marine  
  117  7:07  Supply Depot  
  117  7:08  SCV  
  119  7:09  Orbital Command  
  119  7:12  Supply Depot  
  121  7:15  Marauder  
  121  7:18  Barracks Reactor, Barracks Tech Lab  
  121  7:21  SCV  
  121  7:22  Marauder  
  124  7:25  Widow Mine  
  124  7:28  Orbital Command  
  122  7:32  SCV  
  122  7:33  Marine  
  126  7:37  Marauder  
  126  7:38  SCV  
  126  7:39  Viking  
  126  7:43  Marauder  
  133  7:45  SCV  
  133  7:47  Viking  
  133  7:49  Marauder  
  133  7:50  SCV  
  137  7:55  Missile Turret  
  137  7:57  SCV  
  138  7:58  Missile Turret  
  138  8:00  SCV  
  138  8:03  Refinery  
  141  8:06  Marauder  
  141  8:07  SCV  
  141  8:12  Widow Mine  
  144  8:14  Marine x2  
  144  8:15  Missile Turret, Marauder  
  144  8:16  SCV  
  144  8:17  SCV  
  144  8:18  Medivac x2  
  150  8:23  SCV  
  150  8:28  Marauder  
  150  8:29  SCV  
  150  8:32  SCV  
  154  8:35  Supply Depot  
  154  8:36  Supply Depot, Sensor Tower  
  154  8:37  SCV  
  154  8:38  Supply Depot  
  154  8:42  Marauder  
  154  8:43  Ghost Academy  
  154  8:48  SCV, Medivac x2  
  161  8:50  Marauder  
  165  8:56  Marine x2  
  165  8:59  Refinery  
  165  9:00  Command Center, SCV  
  165  9:01  Supply Depot  
  165  9:02  Marine  
  167  9:03  Supply Depot, Marauder  
  167  9:06  Marauder  
  167  9:07  SCV  
  172  9:11  Marine  
  172  9:14  Enhanced Shockwaves  
  172  9:17  Ghost  
  173  9:23  Marine  
  176  9:25  Supply Depot  
  176  9:26  Viking  
  176  9:27  Supply Depot, Viking  
  180  9:33  SCV  
  180  9:34  Marauder  
  180  9:35  Marine  
  183  9:46  Widow Mine  
  183  9:47  Ghost  
  174  9:53  Marine, Ghost  
  174  9:55  Marauder  
  163  10:04  Barracks  
  163  10:06  SCV x2  
  163  10:07  Barracks  
  161  10:15  Engineering Bay  
  161  10:16  Ghost x2  
  161  10:18  SCV  
  161  10:19  SCV  
  161  10:20  Marine  
  168  10:21  Missile Turret, Ghost  
  168  10:22  SCV  
  171  10:31  Marine  
  171  10:32  Marine  
  171  10:33  Liberator x2  
  179  10:36  SCV  
  180  10:44  Armory  
  180  10:45  Marauder x2  
  180  10:46  SCV  
  185  10:50  Marauder  
  179  11:00  Marine  
  179  11:03  Marine x2  
  162  11:04  Planetary Fortress  
  162  11:06  Ghost x2  
  162  11:08  SCV  
  162  11:10  Barracks Tech Lab  
  162  11:11  Barracks Tech Lab, Ghost  
  164  11:20  Marine  
  164  11:21  Marine x3  
  164  11:24  Refinery x2  
  161  11:25  SCV  
  161  11:30  Viking x2  
  168  11:33  Marauder  
  168  11:35  Marauder x2  
  168  11:37  Marine  
  168  11:38  Terran Infantry Armor Level 2, Terran Infantry Weapons Level 2  
  165  11:48  Marine  
  170  11:54  Terran Ship Weapons Level 1  
  170  11:58  Marine  
  170  11:59  Fusion Core, Marauder  
  170  12:00  Viking, Marine x2  
  170  12:01  Marauder x2  
  179  12:02  Marauder  
  179  12:03  Viking  
  177  12:10  Marauder  
  179  12:17  Marine  
  179  12:18  Marine  
  179  12:22  Command Center  
  181  12:27  Starport  
  175  12:30  Liberator  
  175  12:31  Marine x2, Ghost  
  175  12:32  Marauder x2  
  175  12:35  Marauder  
  173  12:38  Medivac, Marine  
  173  12:39  Marine  
  173  12:41  SCV  
  176  12:44  Marauder  
  176  12:46  Advanced Ballistics  
  176  12:48  SCV  
  176  12:50  Marine  
  169  12:56  Marauder, Marine x2  
  169  12:57  Marauder  
  165  13:01  Marauder  
  165  13:04  Starport Reactor  
  164  13:05  Marine  
  164  13:08  Medivac, Marine  
  164  13:12  Barracks Tech Lab  
  168  13:14  SCV  
  168  13:15  Command Center  
  171  13:23  Liberator  
  171  13:24  Liberator  
  171  13:25  Marine  
  177  13:30  SCV  
  177  13:32  Marauder x2, Marine x2  
  177  13:33  Marauder  
  182  13:35  SCV  
  182  13:36  SCV  
  182  13:38  Marauder  
  182  13:39  Marauder  
  187  13:43  Marine  
  187  13:45  SCV  
  187  13:46  SCV  
  187  13:47  SCV  
  187  13:48  Viking  
  193  13:50  Marauder, Marine  
  193  13:53  Marine  
  193  13:54  Marauder  
  194  13:59  Viking  
  194  14:01  Marine  
  199  14:05  Rapid Reignition System  
  199  14:08  Terran Infantry Weapons Level 3, Terran Infantry Armor Level 3  
  193  14:12  Medivac x2  
  200  14:20  Terran Ship Weapons Level 2  
  195  14:24  SCV x2  
  195  14:25  SCV x2, Marauder  
  200  14:32  Orbital Command  
  200  14:34  Marine  
  200  14:40  Missile Turret  
  200  14:57  Planetary Fortress  
  196  15:02  Marauder, Marine  
  199  15:16  Refinery  
  199  15:17  Refinery, Marauder  
  199  15:19  Orbital Command  
  200  15:26  Marine  
  198  15:30  Liberator  
  198  15:33  Medivac  
  197  15:41  Medivac  
  189  15:43  Medivac, Marauder  
  189  15:44  Marauder x2, Marine x2  
  189  15:46  Marine  
  189  15:47  Marauder  
  196  15:54  SCV  
  185  16:02  Marauder, Marine x2  
  185  16:03  Medivac  
  164  16:04  Marauder  
  164  16:05  Marauder, Marine  
  164  16:06  Marauder  
  164  16:08  Marine  
  164  16:11  Liberator  
  161  16:12  Barracks  
  161  16:13  Liberator x2, Barracks  
  161  16:15  Barracks  
  161  16:16  SCV  
  166  16:19  Marine x2  
  166  16:23  Marauder x2  
  166  16:25  Marine  
  173  16:26  Marauder x2, Marine  
  178  16:33  Medivac  
  178  16:37  Marine x2  
  178  16:38  Sensor Tower  
  182  16:43  Marauder  
  182  16:44  Marauder, Marine  
  182  16:45  Hi-Sec Auto Tracking, Neosteel Armor, Marauder  
  189  16:47  Marine x2  
  189  16:54  Liberator  
  192  16:55  Marine x2  
  192  16:56  Liberator x2  
  199  17:02  Barracks Tech Lab  
  199  17:04  Barracks Tech Lab  
  200  17:22  Barracks Tech Lab  
  196  17:23  Terran Vehicle And Ship Armor Level 1  
  196  17:24  Command Center, Marauder, Ghost  
  200  17:31  Command Center  
  197  17:46  Ghost  
  197  17:48  Ghost  
  194  17:51  Command Center  
  194  17:52  Ghost x2  
  194  17:54  Ghost  
  200  17:59  Missile Turret  
  198  18:09  Liberator  
  198  18:10  Viking, Ghost  
  200  18:18  Ghost x2  
  200  18:19  Ghost  
  200  18:27  Ghost  
  196  18:28  Marauder  
  196  18:29  Ghost  
  196  18:31  Ghost  
  196  18:34  Ghost  
  198  18:38  Unknown  
  198  18:40  Viking  
  199  18:41  Marine  
  199  18:45  Command Center  
  195  18:49  Marine  
  195  18:50  Marauder  
  195  18:51  Viking  
  199  18:58  Marine  
  200  19:07  Orbital Command  
  200  19:08  Ghost  
  200  19:11  Command Center  
  200  19:14  Medivac  
  200  19:16  Marauder  
  200  19:17  Marauder  
  200  19:19  Medivac  
  192  19:38  Medivac  
  192  19:43  Marauder, Marine  
  192  19:44  Medivac  
  195  19:46  Marauder x2  
  195  19:49  Viking  
  196  19:54  Ghost  
  198  20:03  Medivac, Marine  
  195  20:10  Viking  
  195  20:11  Marauder, Marine x2  
  195  20:14  Medivac  
  195  20:16  Orbital Command  
  195  20:19  Viking  
  195  20:21  Marauder  
  193  20:27  Orbital Command  
  190  20:31  Marine x2  
  190  20:33  Viking, Missile Turret  
  190  20:34  Barracks Tech Lab  
  196  20:40  Medivac  
  196  20:42  Marauder  
  194  20:44  Medivac  
  194  20:46  Marauder  
  194  20:47  Marine x2  
  194  20:48  Marauder x2  
  194  20:49  Medivac  
  184  20:52  Marine x2  
  184  20:53  Marauder  
  184  20:55  Marauder  
  185  21:02  Liberator  
  185  21:03  Command Center, Marine  
  189  21:05  Marine  
  189  21:06  Marauder  
  189  21:07  Marauder  
  189  21:09  Marauder, Marine  
  189  21:10  Liberator, Marine x2  
  196  21:14  Viking, Marauder  
  196  21:16  Marauder  
  196  21:31  Marauder  
  184  21:36  Marauder x2  
  184  21:37  Marine  
  184  21:38  Marauder  
  184  21:39  Marine  
  192  21:40  Viking  
  192  21:44  Viking  
  192  21:45  Viking, Marauder  
  198  21:55  Marauder  
  198  21:58  SCV  
  190  22:03  Medivac  
  190  22:06  Marine, Orbital Command  
  170  22:10  Marine  
  170  22:11  Marauder  
  170  22:12  Marine  
  172  22:16  Marine  
  173  22:24  SCV  
  173  22:28  SCV x2  
  173  22:29  SCV  
  161  22:30  Marine  
  161  22:34  Marine  
  161  22:35  SCV  
  164  22:42  SCV x2  
  166  22:47  Missile Turret  
  166  22:55  SCV x4  
  166  22:58  Marauder, Marine  
  175  23:07  Marine  
  175  23:08  Marine x2  
  175  23:09  Marine  
  183  23:15  SCV  
Tags
 
Add a new tag
Caveats
  • Supply blocks, unpowered buildings, or Contaminate may cause inaccurate times.
  • Supply counts are checked every 10 seconds.